 Dungeon Crawl Stone Soup version 0.20-a0-920-gb18bc0f (webtiles) character file.

5802 dvd the Cleaver (level 10, -1/88 HPs)
             Began as a Hill Orc Gladiator on Mar 25, 2017.
             Was a Believer of Beogh.
             Slain by a spectral orc warrior
             ... wielding a +1 scimitar of electrocution
             ... summoned by Nergalle
              (14 damage)
             ... on level 1 of the Lair of Beasts.
             The game lasted 00:19:35 (6322 turns).

dvd the Cleaver (Hill Orc Gladiator)                Turns: 6322, Time: 00:19:37

Health: -1/88      AC: 23    Str: 19    XL:     10   Next: 79%
Magic:  10/10      EV: 10    Int:  8    God:    Beogh [**....]
Gold:   408        SH:  0    Dex: 14    Spells: 9/9 levels left

rFire    + . .     SeeInvis .   a - +0 war axe
rCold    . . .     Gourm    .   (no shield)
rNeg     + . .     Faith    .   s - +0 chain mail
rPois    .         Spirit   .   e - +2 helmet
rElec    .         Reflect  .   x - +2 cloak of Too Many Cooks {rF+ Regen+}
rCorr    .         Harm     .   (no gloves)
MR       .....                  w - +1 pair of boots
Stlth    ..........             I - amulet of regeneration
Regen    1.1/turn               R - +4 ring of protection
MPRegen  0.2/turn               p - ring of positive energy

@: lethally poisoned (-1 -> -21), drained
A: no striking features
a: Smiting, Renounce Religion


You were on level 1 of the Lair of Beasts.
You worshipped Beogh.
Beogh was pleased with you.
You were not hungry.

You visited 3 branches of the dungeon, and saw 10 of its levels.

You collected 408 gold pieces.

Inventory:

Hand Weapons
 a - a +0 war axe (weapon)
 O - a +2 trident of holy wrath
 S - a +0 hunting sling of freezing
Missiles
 d - 3 throwing nets (quivered)
Armour
 e - a +2 helmet (worn)
 s - a +0 chain mail (worn)
 u - a +0 plate armour
 w - a +1 pair of boots (worn)
 x - the +2 cloak of Too Many Cooks (worn) {rF+ Regen+}
   (You found it on level 4 of the Dungeon)

   It protects you from fire.
   It increases your rate of regeneration.
 J - a +0 large shield
Jewellery
 b - a +2 ring of intelligence
 l - an uncursed ring of wizardry
 p - a ring of positive energy (right hand)
 I - an amulet of regeneration (around neck)
 R - a +4 ring of protection (left hand)
 T - a -3 ring of slaying
Wands
 B - a wand of paralysis (11/24)
 F - a wand of lightning (5/15)
 N - a wand of lightning (13/15)
Scrolls
 c - 4 scrolls of identify
 g - 2 scrolls of magic mapping
 i - 2 scrolls of recharging
 m - a scroll of amnesia
 n - 2 scrolls of remove curse
 q - a scroll of enchant armour {unknown}
 y - 2 scrolls of enchant weapon {unknown}
 A - 5 scrolls of teleportation {unknown}
 L - 2 scrolls of blinking {unknown}
 M - a scroll of random uselessness {unknown}
 Q - 2 scrolls of vulnerability {unknown}
Potions
 h - a potion of might {unknown}
 j - a potion of haste {unknown}
 k - a potion of cancellation {unknown}
 r - a potion of resistance {unknown}
 v - 2 potions of lignification {unknown}
 z - 6 potions of curing {unknown}
 C - 2 potions of heal wounds {unknown}
 E - a potion of agility {unknown}
 H - 2 potions of brilliance {unknown}
 K - a potion of berserk rage {unknown}
 U - a potion of degeneration {unknown}
Books
 P - a book of Necromancy

   Spells                             Type                      Level
   a - Pain                           Necromancy                   1
   b - Animate Skeleton               Necromancy                   1
   c - Vampiric Draining              Necromancy                   3
   d - Regeneration                   Charms/Necromancy            3
   e - Animate Dead                   Necromancy                   4
   f - Control Undead                 Necromancy                   4
Comestibles
 f - 6 bread rations
 o - 5 chunks of flesh
 t - 20 fruits
 D - 6 royal jellies
 G - 3 meat rations


   Skills:
 + Level 8.2(8.1) Fighting
 + Level 13.9(14.0) Axes
 + Level 4.5(8.9) Polearms
 + Level 1.7(1.6) Throwing
 + Level 7.3(7.2) Armour
 + Level 4.7(4.5) Dodging
 + Level 1.1(1.0) Stealth


You had 9 spell levels left.
You didn't know any spells.

Dungeon Overview and Level Annotations

Branches:
Dungeon (8/15)             Temple (1/1) D:5            Lair (1/6) D:8

Altars:
Cheibriados
Dithmenos
Elyvilon
Fedhas
Gozag
Hepliaklqana
Kikubaaqudgha
Makhleb
Okawaru
Qazlal
Ru
Sif Muna
Trog
Uskayaw
Vehumet
Wu Jian
Xom
Yredelemnul
Zin
The Shining One
Lugonu

Shops:
D:4 =:

Annotations:
Lair:1 Nergalle


Message History

You hit Nergalle but do no damage.
Nergalle is severely wounded.
You hit the spectral orc warrior but do no damage.
You feel very sick. Nergalle hits you but does no damage.
The spectral orc warrior hits you but does no damage.
You hit Nergalle.
Nergalle is almost dead.
You hit the spectral orc warrior but do no damage. x3
You feel very sick.
Nergalle gestures at the spectral orc warrior while chanting.
The spectral orc warrior seems to speed up.
The spectral orc warrior hits you from afar with a glaive!
* * * LOW HITPOINT WARNING * * *
You partially resist.
You feel drained.
* * * LOW HITPOINT WARNING * * *
The spectral orc warrior hits you but does no damage. x3
You are electrocuted!
You die...
Beogh appreciates the spectral orc warrior's killing of a heretic priest.

####.###.####.#
#.##..# ##
##...## #..##
##'########
##.........#
#..........####
##.........+(Z##
#......_...#Z@#
#..........##oZ#
#.........####.Z.
#.........# ##...
##.###.#### .....
## ### .... ...
###


You could see Nergalle and 4 spectral orc warriors.

Vanquished Creatures
  The ghost of sergedm the Eclecticist, a novice DECj of Vehumet (Lair:1)
  2 spiny frogs (Lair:1)
  6 yaks
  A human (D:8)
  4 hogs (D:8)
  2 hungry ghosts
  A steam dragon (D:8)
  2 wargs (D:7)
  2 sky beasts
  An orc warrior (D:7)
  2 phantoms
  2 ogres
  2 centaurs
  A crocodile (Lair:1)
  3 big kobolds (D:8)
  Blork the orc (D:4)
  3 bullfrogs
  A wyvern zombie (D:8)
  7 killer bees (D:8)
  A howler monkey (D:7)
  3 crimson imps
  A centaur zombie (D:6)
  An orc priest (D:8)
  A bullfrog skeleton (D:8)
  2 hounds
  3 jellies
  3 iguanas (D:8)
  3 orc wizards
  4 worker ants
  A howler monkey skeleton (D:5)
  7 adders
  A shadow imp (D:7)
  3 oozes
  4 worms
  2 dart slugs (D:1)
  4 leopard geckos
  12 orcs
  6 giant cockroaches
  6 goblins
  6 hobgoblins
  19 kobolds
  4 quokkas
  A ball python (D:1)
  7 bats
  2 frilled lizards (D:2)
  2 giant cockroach zombies (D:5)
  2 jackal zombies (D:8)
  7 rats
162 creatures vanquished.

Vanquished Creatures (others)
  An orc (D:5)
1 creature vanquished.

Grand Total: 163 creatures vanquished

Notes
Turn   | Place    | Note
-------+----------+-------------------------------------------
     0 | D:1      | dvd the Hill Orc Gladiator began the quest for the Orb.
     0 | D:1      | Reached XP level 1. HP: 18/18 MP: 1/1
   148 | D:1      | Reached XP level 2. HP: 21/25 MP: 2/2
   428 | D:1      | Reached XP level 3. HP: 26/30 MP: 3/3
   611 | D:1      | Reached skill level 5 in Axes
   972 | D:2      | Found a deep blue altar of Sif Muna.
  1028 | D:2      | Found a shimmering altar of Xom.
  1029 | D:2      | Found a hazy altar of Hepliaklqana.
  1031 | D:2      | Noticed a spectral ugly thing
  1163 | D:2      | Found a snail-covered altar of Cheibriados.
  1357 | D:2      | Reached XP level 4. HP: 35/37 MP: 4/4
  1655 | D:2      | You fall through a shaft!
  1752 | D:3      | Reached skill level 1 in Armour
  2378 | D:2      | Found a hide-covered altar of Uskayaw.
  2513 | D:4      | Found Laotur's Jewellery Emporium.
  2532 | D:4      | Noticed Blork the orc
  2545 | D:4      | Killed Blork the orc
  2545 | D:4      | Reached skill level 6 in Axes
  2545 | D:4      | Reached XP level 5. HP: 29/45 MP: 5/5
  2590 | D:4      | Got a fine cloak
  2596 | D:4      | Identified the +2 cloak of Too Many Cooks {rF+ Regen+} (You found it on level 4 of the Dungeon)
  2775 | D:4      | Found Uthessin's Book Shoppe.
  2927 | D:4      | Noticed a phantom
  2954 | D:4      | Killed a phantom
  2954 | D:4      | Reached skill level 7 in Axes
  2954 | D:4      | Reached XP level 6. HP: 52/52 MP: 6/6
  3080 | D:5      | Entered Level 5 of the Dungeon
  3144 | D:5      | Found an iron altar of Okawaru.
  3184 | D:5      | Found an opulent altar of Gozag.
  3231 | D:5      | Became a worshipper of Beogh the Brigand
  3410 | D:5      | Reached skill level 8 in Axes
  3410 | D:5      | Reached XP level 7. HP: 51/59 MP: 7/7
  3414 | D:5      | Found a stormy altar of Qazlal.
  3448 | D:5      | Found a staircase to the Ecumenical Temple.
  3467 | Temple   | Entered the Ecumenical Temple
  3776 | D:6      | Reached skill level 9 in Axes
  3810 | D:6      | Reached XP level 8. HP: 62/67 MP: 8/8
  3816 | D:6      | Found a white marble altar of Elyvilon.
  3889 | D:6      | Reached skill level 5 in Fighting
  4225 | D:7      | Reached skill level 10 in Axes
  4243 | D:7      | Found a white marble altar of Elyvilon.
  4734 | D:7      | Reached skill level 11 in Axes
  4734 | D:7      | Reached XP level 9. HP: 26/77 MP: 9/9
  4800 | D:7      | Reached * piety under Beogh
  4973 | D:8      | Found a blossoming altar of Fedhas.
  5039 | D:8      | Reached skill level 5 in Armour
  5073 | D:8      | Found a staircase to the Lair.
  5110 | D:8      | Reached skill level 12 in Axes
  5194 | D:8      | Found an ancient bone altar of Kikubaaqudgha.
  5226 | D:8      | Reached skill level 1 in Stealth
  5680 | D:8      | Reached skill level 1 in Polearms
  5683 | D:8      | Reached ** piety under Beogh
  5802 | D:8      | Reached XP level 10. HP: 65/86 MP: 10/10
  6048 | Lair:1   | Entered Level 1 of the Lair of Beasts
  6072 | D:8      | Reached skill level 13 in Axes
  6210 | Lair:1   | Noticed sergedm's ghost (novice DECj)
  6226 | Lair:1   | Killed sergedm's ghost
  6284 | Lair:1   | Found a radiant altar of Vehumet.
  6295 | Lair:1   | Noticed a spiny frog
  6298 | Lair:1   | Noticed a spiny frog
  6300 | Lair:1   | Noticed Nergalle
  6308 | Lair:1   | Killed a spiny frog
  6308 | Lair:1   | Killed a spiny frog
  6322 | Lair:1   | Slain by a spectral orc warrior

Vault maps used:
D:1:      dpeg_arrival_simpleton_b
D:2:      regret_index_temple_of_mockery, lemuel_crystal_altar,
          nicolae_overflow_hidden_temple, cheibriados_altar_1
D:4:      serial_shops, shop, shop, st_stairs_5, uniq_blork_the_orc
D:5:      overflow_temple_1_default, nicolae_overflow_crystal_walls,
          okawaru_gym_becter, minmay_temple_entry_grid, first_bread,
          minmay_misc_feat_enclosed
D:6:      lemuel_crystal_altar
D:7:      elyvilon_altar_5
D:8:      lemuel_doored_altar, lemuel_coloured_pillars_altar,
          erik_lair_orcish_takeover, grunt_livestock
Temple:   corrupted_temple
Lair:1:   basic_altar, nicolae_quartered_pool_medium, lemuel_fruit_tree,
          uniq_nergalle

Skill      XL: |  1  2  3  4  5  6  7  8  9 10 |
---------------+-------------------------------+-----
Axes           | 5 6 7 8 9 11 12 13 | 13.9
Dodging        | 3 4 |  4.7
Armour         | 1 2 3 4 6 7 |  7.3
Fighting       | 3 4 6 7 8 |  8.2
Stealth        | 1 |  1.1
Polearms       | 2 4 |  4.5
Throwing       | |  1.7

Action                   |  1- 3 |  4- 6 |  7- 9 | 10-12 || total
-------------------------+-------+-------+-------+-------++-------
Melee: War axe           |   100 |   169 |   301 |    64 ||   634
       Trident           |       |       |    69 |     9 ||    78
Invok: Convert to Beogh  |       |     1 |       |       ||     1
  Use: Scroll            |       |       |     6 |     1 ||     7
  Eat: Chunk             |     2 |     6 |    11 |     2 ||    21
       Fruit             |       |       |     3 |       ||     3
       Royal jelly       |       |       |     1 |       ||     1
Armor: Leather armour    |    47 |     8 |       |       ||    55
       Scale mail        |       |    66 |   223 |     7 ||   296
       Chain mail        |       |       |       |    49 ||    49
Dodge: Dodged            |    90 |    87 |   254 |    37 ||   468
